 Dungeon Crawl Stone Soup version 0.26-a0-519-gb2f46ef (webtiles) character file.

Game seed: 5001686414477686846

346 roflturtle the Gusty (level 6, 0/45 HPs)
             Began as a Demigod Air Elementalist on Aug 10, 2020.
             Slain by an elf zombie (2 damage)
             ... in an ossuary.
             The game lasted 00:15:28 (4895 turns).

roflturtle the Gusty (Demigod Air Elementalist)     Turns: 4895, Time: 00:15:29

Health: 0/45       AC:  6    Str: 14    XL:     6   Next: 10%
Magic:  13/22      EV: 13    Int: 23    God:
Gold:   247        SH:  0    Dex: 16    Spells: 1/11 levels left

rFire    . . .     SeeInvis .   l - +1 hand axe (flame)
rCold    . . .     Faith    .   (no shield)
rNeg     . . .     Spirit   .   a - +0 robe
rPois    .         Reflect  .   y - +0 helmet
rElec    .         Harm     .   (no cloak)
rCorr    .                      r - +1 pair of gloves {Str+3}
MR       +....                  h - +0 pair of boots
Stlth    ++........             (no amulet)
HPRegen  0.15/turn              p - ring of magical power
MPRegen  0.18/turn              t - ring of protection from magic

@: no status effects
A: high mp 1
a: no special abilities


You were in an ossuary.
You visited 1 branch of the dungeon, and saw 5 of its levels.
You also visited: Ossuary.

You collected 247 gold pieces.

Inventory:

Hand Weapons
 c - a +0 dagger
 k - a +2 hunting sling of flaming
 l - a +1 hand axe of flaming (weapon)
Missiles
 u - 23 sling bullets (quivered)
Armour
 a - a +0 robe (worn)
 h - a +0 pair of boots (worn)
 r - a +1 pair of gloves of strength (worn)
 x - the cursed +1 ring mail of Sunlight {rF++, unknown}
   (You found it on level 4 of the Dungeon)

   It greatly protects you from fire.
   It has a curse placed upon it.
 y - a +0 helmet (worn)
Jewellery
 p - a ring of magical power (left hand)
 t - a ring of protection from magic (right hand)
Wands
 v - a wand of enslavement (3)
Scrolls
 e - a scroll of amnesia {unknown}
 f - 2 scrolls of remove curse
 g - a scroll of random uselessness {unknown}
 i - a scroll of fog {unknown}
 j - a scroll of fear {unknown}
 n - a scroll of magic mapping
 q - a scroll of enchant weapon
 s - a scroll of teleportation {unknown}
Potions
 b - a potion of might {unknown}
 d - a potion of stabbing
 m - 3 potions of curing
 o - 2 potions of degeneration {unknown}
 w - a potion of mutation {unknown}
 z - a potion of heal wounds {unknown}


   Skills:
 - Level 2.0 Dodging
 + Level 2.3 Stealth
 - Level 3.0 Spellcasting
 - Level 3.8 Conjurations
 - Level 4.0 Air Magic


You had one spell level left.
You knew the following spells:

 Your Spells              Type           Power        Failure   Level
a - Shock                 Conj/Air       ###.         2%          1
b - Swiftness             Air            ###.....     3%          2
c - Static Discharge      Conj/Air       ###.....     7%          3
d - Airstrike             Air            ###.......   22%         4

Your spell library contained the following spells:

 Spells                   Type           Power        Failure   Level
 Lightning Bolt           Conj/Air       ###.......   54%         5


Dungeon Overview and Level Annotations

Branches:
Dungeon (5/15)            Ossuary (1/1)
 Temple: D:4-7


Innate Abilities, Weirdness & Mutations

You have an increased reservoir of magic. (+10% MP)


Message History

You destroy the mummy!
You closely miss the elf zombie. You hit the big kobold zombie.
You burn the big kobold zombie.
The big kobold zombie closely misses you.
The elf zombie misses you. The rat zombie misses you.
Casting: Static Discharge (dangerous; 7% risk of failure)
Confirm with . or Enter, or press ? or * to list all spells.
Aiming: Shock (safe; 2% risk of failure)
Press: ? - help, Shift-Dir - straight line The zap hits the elf zombie.
The elf zombie is moderately damaged.
The zap hits the elf zombie.
The elf zombie is moderately damaged.
The zap hits the hobgoblin zombie!
You destroy the hobgoblin zombie!
The rat zombie misses you. The big kobold zombie hits you.
* * * LOW HITPOINT WARNING * * *
The elf zombie hits you.
You die...

#....M............
#.....##..........
#.....##Z.........
#....ZZ..Z........
#..#...Z..........
#ZZ##..........∩..
#M.##..........∩..
#ZZ##.............
#@Z#......Z..Z....
#.................
#.................
#.....##..........
#.....##..........
#.................
#........
#+##.....


You could see a mummy, 2 rat zombies, a hobgoblin zombie, a big kobold zombie
and an elf zombie.

Vanquished Creatures
  An ogre (D:5)
  2 bullfrog skeletons (D:4)
  A worker ant (D:4)
  An orc wizard (D:4)
  A hound zombie (Ossuary)
  A mummy (Ossuary)
  4 adders
  An ufetubus (D:5)
  A worm (D:3)
  3 leopard geckos
  4 orcs
  7 bats
  4 giant cockroaches
  A gnoll zombie (Ossuary)
  7 goblins
  5 hobgoblins
  15 jackals
  7 kobolds
  3 quokkas
  6 frilled lizards (D:2)
  A hobgoblin zombie (Ossuary)
  An orc zombie (Ossuary)
  6 rats
83 creatures vanquished.

Notes
Turn   | Place    | Note
-------+----------+-------------------------------------------
     0 | D:1      | roflturtle the Demigod Air Elementalist began the quest for
                  | the Orb.
     0 | D:1      | Reached XP level 1. HP: 14/14 MP: 5/5
    30 | D:1      | Reached skill level 1 in Conjurations
   620 | D:1      | Reached XP level 2. HP: 11/20 MP: 5/7
   630 | D:1      | Learned a level 2 spell: Swiftness
  1076 | D:2      | Reached skill level 3 in Air Magic
  1271 | D:2      | Reached XP level 3. HP: 26/26 MP: 5/8
  1914 | D:3      | Reached skill level 4 in Air Magic
  2418 | D:3      | Reached XP level 4. HP: 33/33 MP: 0/9
  2423 | D:3      | Learned a level 3 spell: Static Discharge
  3596 | D:4      | Reached XP level 5. HP: 38/38 MP: 11/11
  3665 | D:4      | Found an opulent altar of Gozag.
  3904 | D:4      | Got a smoking ring mail
  4707 | D:5      | Entered Level 5 of the Dungeon
  4707 | D:5      | Noticed an ice beast
  4715 | D:4      | Learned a level 4 spell: Airstrike
  4731 | D:5      | Noticed an ogre
  4817 | D:5      | Killed an ogre
  4817 | D:5      | Reached XP level 6. HP: 21/45 MP: 13/13
  4861 | D:5      | Found a sand-covered staircase.
  4866 | Ossuary  | Entered an ossuary
  4895 | Ossuary  | HP: 2/45 [big kobold zombie (2)]
  4895 | Ossuary  | Slain by an elf zombie

Illustrated notes

Levels and vault maps discovered:
D:1:      minmay_arrival_five_plusses, layout_rooms
D:2:      layout_rooms
D:3:      layout_basic, kennysheep_generic_room_13
D:4:      layout_layer_cave, grunt_gozag_breadcrumbs
D:5:      layout_cave_pools, basic_altar, enter_ossuary_5
Ossuary:  ossuary_minmay_tomb_2a

Skill      XL: |  1  2  3  4  5  6 |
---------------+-------------------+-----
Conjurations   | 1 3 |  3.8
Spellcasting   | 2 3 |  3.0
Dodging        | 2 |  2.0
Air Magic      | 3 4 |  4.0
Stealth        | 2 |  2.3

Action                   |  1- 3 |  4- 6 || total
-------------------------+-------+-------++-------
Melee: Dagger            |    64 |    10 ||    74
       Hand axe          |       |    32 ||    32
 Cast: Shock             |    94 |    61 ||   155
       Static Discharge  |       |     4 ||     4
  Use: Scroll            |       |     5 ||     5
Armor: Robe              |    21 |    16 ||    37
Dodge: Dodged            |    71 |    49 ||   120

Table legend: (Time is in decaauts)
 A = Elapsed time spent in this place.
 B = Non-inter-level travel time spent in this place.
 C = Inter-level travel time spent in this place.
 D = Time resting spent in this place.
 E = Time spent auto-exploring this place.
 F = Levels seen in this place.
 G = Mean time per level.
                   A        B        C        D        E       F      G
               +--------+--------+--------+--------+--------+-----+--------+
         Total |   4902 |   4751 |    151 |   1080 |   2909 |   6 |  817.0 |
       Dungeon |   4872 |   4721 |    151 |   1080 |   2909 |   5 |  974.4 |
       Ossuary |     30 |     30 |      0 |      0 |      0 |   1 |   30.0 |
               +--------+--------+--------+--------+--------+-----+--------+

Top non-repeatable levels by time:
     D:4: 1772 daAuts
     D:3: 1367 daAuts
     D:1: 898 daAuts
     D:2: 733 daAuts
     D:5: 99 daAuts
 Ossuary: 30 daAuts
